 Dungeon Crawl Stone Soup version 0.29-a0-490-g77b3608bb8 (webtiles) character file.

Game seed: 8691401185566492134

100 powerkranz the Poker (level 4, 0/41 HPs)
             Began as a Minotaur Berserker on May 26, 2022.
             Was a Follower of Trog.
             Slain by a river rat (3 damage)
             ... on level 3 of the Dungeon.
             The game lasted 00:04:39 (1947 turns).

powerkranz the Poker (Minotaur Berserker)           Turns: 1947, Time: 00:04:39

Health: 0/41       AC: 11    Str: 23    XL:     4   Next: 47%
Magic:  3/3        EV:  8    Int:  4    God:    Trog [*.....]
Gold:   126        SH:  0    Dex: 10    Spells: 3/3 levels left

rFire   . . .      SeeInvis .   a - +0 spear
rCold   . . .      Faith    .   (no shield)
rNeg    . . .      Spirit   .   f - +0 chain mail
rPois   .          Reflect  .   (helmet restricted)
rElec   .          Harm     .   (no cloak)
rCorr   .          Rampage  .   o - +1 pair of gloves
Will    .....                   (no boots)
Stlth   ..........              p - amulet of the acrobat
HPRegen 0.13/turn               (no ring)
MPRegen 0.08/turn               (no ring)

@: on berserk cooldown
A: horns 2, retaliatory headbutt
a: Renounce Religion, Berserk


You were on level 3 of the Dungeon.
You worshipped Trog.
Trog was aware of your devotion.
You visited 1 branch of the dungeon, and saw 3 of its levels.
You also visited: Sewer.

You collected 126 gold pieces.

Inventory:

Hand Weapons
 a - a +0 spear (weapon)
Missiles
 l - 2 throwing nets (quivered)
Armour
 b - a +0 animal skin
 f - a +0 chain mail (worn)
 o - a +1 pair of gloves (worn)
Jewellery
 p - an amulet of the acrobat (around neck)
Scrolls
 d - 2 scrolls of blinking
 i - a scroll of teleportation
 j - a scroll of identify
Potions
 c - a potion of magic {unknown}
 e - a potion of ambrosia {unknown}
 g - a potion of flight {unknown}
 h - 2 potions of heal wounds {unknown}
 k - 2 potions of resistance {unknown}
 m - a potion of attraction {unknown}
 n - 2 potions of haste


   Skills:
 + Level 4.8 Fighting
 + Level 5.2 Polearms
 + Level 2.9 Armour
 - Level 2.2 Dodging


You had 3 spell levels left.
You didn't know any spells.
Your spell library was empty.

Dungeon Overview and Level Annotations

Branches:
Dungeon (3/15)              Sewer (visited)

Altars:
Makhleb

Shops:
D:2 (


Innate Abilities, Weirdness & Mutations

You have a pair of horns on your head.
You reflexively headbutt those who attack you in melee.


Message History

You are too injured to fight recklessly!
You are too injured to fight recklessly!
You are too injured to fight recklessly!
You are too injured to fight recklessly!
You are too injured to fight recklessly!
You are too injured to fight recklessly!
You are too injured to fight recklessly!
Okay, then.
You hit the river rat but do no damage.
The river rat is severely wounded.
The river rat bites you but does no damage.
The river rat bites you.
* * * LOW HITPOINT WARNING * * *
Okay, then.
Your unstable footing causes you to fumble your attack.
The river rat bites you but does no damage.
The river rat bites you.
* * * LOW HITPOINT WARNING * * *
Your unstable footing causes you to fumble your attack.
The river rat bites you but does no damage.
The river rat bites you.
* * * LOW HITPOINT WARNING * * *
The river rat attacks as you move away! The river rat closely misses you.
The river rat completely misses you. The river rat misses you.
The river rat closely misses you. The river rat barely misses you.
The river rat misses you.
You feel yourself speed up.
The river rat completely misses you. x2; The river rat misses you.
There is an empty arch of ancient stone here.
The river rat bites you but does no damage. x2
There is a gate leading back out of this place here.
The river rat twitches its whiskers.
The river rat misses you. The river rat barely misses you.
Welcome back to the Dungeon!
There is a collapsed entrance here.
Okay, then.
You hit the river rat but do no damage.
The river rat is severely wounded.
The river rat bites you.
You die...

##.#......##.#...
..#.#######.##.. #.#.#
#..'..
#######.#.##########..
#.......†...>(.....'..
#.........##.#######..
#...≈≈≈.†.# # ###
#..≈≈≈r≈..##+
#..≈≈@≈≈.....
#..≈≈≈r≈......
#....≈≈≈........
#...............
#...............
#.............
########+#####


You could see 2 river rats.

Vanquished Creatures
  Terence (D:2)
  2 adders (D:2)
  A river rat (D:3)
  2 worms
  2 dart slugs
  5 endoplasms
  2 giant cockroaches
  4 goblins
  A hobgoblin (D:2)
  A kobold (D:2)
  3 quokkas (D:2)
  2 ball pythons
  7 bats
  A frilled lizard (D:1)
  5 rats
39 creatures vanquished.

Notes
Turn   | Place    | Note
-------+----------+-------------------------------------------
     0 | D:1      | powerkranz the Minotaur Berserker began the quest for the
                  | Orb.
     0 | D:1      | Reached XP level 1. HP: 19/19 MP: 0/0
   136 | D:1      | Found a faded altar of an unknown god.
   364 | D:1      | Reached skill level 4 in Polearms
   364 | D:1      | Reached XP level 2. HP: 23/27 MP: 1/1
   901 | D:2      | Reached XP level 3. HP: 23/33 MP: 2/2
  1287 | D:2      | Found Nebbe's Weapon Boutique.
  1357 | D:2      | Noticed Terence
  1368 | D:2      | Killed Terence
  1369 | D:2      | Reached skill level 5 in Polearms
  1369 | D:2      | Reached XP level 4. HP: 32/41 MP: 3/3
  1493 | D:2      | Found a burning altar of Makhleb.
  1894 | D:3      | Found a glowing drain.
  1925 | Sewer    | Entered a sewer
  1941 | Sewer    | HP: 2/41 [river rat (4)]
  1947 | D:3      | Slain by a river rat

Illustrated notes

Levels and vault maps discovered:
D:1:      dpeg_arrival_ternary, layout_loops_ring,
          shapermc_ecumenical_altar_mp_ritualfount
D:2:      layout_loops_ring, basic_altar, serial_shops, shop,
          small_statue_intersection, nicolae_underground_beach, uniq_terence
D:3:      layout_basic, portal_sewer_entry_a, due_unseen_surprise, uniq_natasha,
          uniq_ijyb

Skill      XL: |  1  2  3 |
---------------+----------+-----
Fighting       | 4 |  4.8
Polearms       | 4 5 |  5.2
Armour         | |  2.9
Dodging        | |  2.2

Action                   |  1- 3 |  4- 6 || total
-------------------------+-------+-------++-------
Melee: Spear             |    68 |    44 ||   112
       Headbutt          |     8 |     4 ||    12
Invok: Berserk           |     1 |     1 ||     2
  Use: Scroll            |     6 |       ||     6
 Stab: Sleeping          |     1 |       ||     1
Armor: Animal skin       |    13 |       ||    13
       Chain mail        |       |    17 ||    17
Dodge: Dodged            |    27 |    32 ||    59

Table legend: (Time is in decaauts)
 A = Elapsed time spent in this place.
 B = Non-inter-level travel time spent in this place.
 C = Inter-level travel time spent in this place.
 D = Time resting spent in this place.
 E = Time spent auto-exploring this place.
 F = Levels seen in this place.
 G = Mean time per level.
                   A        B        C        D        E       F      G
               +--------+--------+--------+--------+--------+-----+--------+
         Total |   1957 |   1871 |     86 |      2 |   1481 |   4 |  489.2 |
       Dungeon |   1928 |   1842 |     86 |      2 |   1481 |   3 |  642.7 |
         Sewer |     28 |     28 |      0 |      0 |      0 |   1 |   28.0 |
               +--------+--------+--------+--------+--------+-----+--------+

Top non-repeatable levels by time:
     D:2: 996 daAuts
     D:1: 866 daAuts
     D:3: 66 daAuts
   Sewer: 28 daAuts
